 Dungeon Crawl Stone Soup version 0.30-a0-190-g22c9a3c0ff (webtiles) character file.

Game seed: 4620415742613084485

106896 Johnny the Sorcerer (level 15, -13/100 HPs)
             Began as a Deep Elf Earth Elementalist on July 30, 2022.
             Was an Elder of Cheibriados.
             Killed from afar by a deep elf zephyrmancer (31 damage)
             ... with a bolt of lightning
             ... on level 1 of the Elven Halls on Oct 4, 2022.
             The game lasted 00:47:42 (31542 turns).

Johnny the Sorcerer (Deep Elf Earth Elementalist)  Turns: 31542, Time: 00:47:42

Health: -13/100    AC: 19    Str: 14    XL:     15   Next: 98%
Magic:  27/51      EV: 16    Int: 40    God:    Cheibriados [****..]
Gold:   808        SH: 12    Dex: 24    Spells: 38/57 levels left

rFire   + . .      SeeInvis .    C - staff of earth
rCold   + . .      Faith    .    K - +0 buckler {AC+3}
rNeg    . . .      Spirit   .    O - +3 troll leather armour {Snorg}
rPois   +          Reflect  +    U - +2 helmet {Int+3}
rElec   .          Harm     .    q - scarf {rC+ rF+}
rCorr   .          Rampage  .    X - +0 pair of gloves
Will    +....                    D - +0 pair of boots
Stlth   ++........               t - amulet "Fugoax" {Reflect Drain +Inv rPois MP+9 SH+5}
HPRegen 1.16/turn                B - +4 ring of protection
MPRegen 0.32/turn                Q - +4 ring of evasion

@: very slow
A: no striking features
a: Renounce Religion, Evoke Invisibility, Bend Time, Temporal Distortion, Slouch


You were on level 1 of the Elven Halls.
You worshipped Cheibriados.
Cheibriados was greatly pleased with you.
You visited 5 branches of the dungeon, and saw 24 of its levels.

You collected 2507 gold pieces.
You spent 1699 gold pieces at shops.

Inventory:

Missiles
 j - 134 stones (quivered)
 M - 5 throwing nets
Armour
 q - a scarf of resistance (worn)
 D - a +0 pair of boots (worn)
 K - a +0 buckler of protection (worn)
 O - a +3 troll leather armour (worn) {Snorg}
 U - a +2 helmet of intelligence (worn)
 X - a +0 pair of gloves (worn)
Magical Staves
 y - a staff of air
 C - a staff of earth (weapon)
Jewellery
 a - a ring of positive energy
 d - a +6 ring of strength
 k - a ring of protection from cold
 l - a ring of wizardry
 n - a ring of poison resistance
 t - the amulet "Fugoax" (around neck) {Reflect Drain +Inv rPois MP+9 SH+5}
   (You bought it in a shop on level 3 of the Dungeon)

   [amulet of reflection]

   It reflects blocked missile attacks.
   rPois:     It protects you from poison.
   MP:        It affects your magic capacity (+9).
   +Inv:      It lets you turn invisible.
   Drain:     It drains your maximum health when unequipped.
   SH:        It affects your SH (+5).
 u - a ring of flight
 v - an amulet of guardian spirit
 z - an amulet of faith
 B - a +4 ring of protection (left hand)
 E - a ring of resist corrosion
 P - a ring of wizardry
 Q - a +4 ring of evasion (right hand)
Wands
 r - a wand of polymorph (2)
 w - a wand of digging (1)
 G - a wand of paralysis (2)
 H - a wand of acid (6)
 N - a wand of mindburst (10)
Scrolls
 i - 6 scrolls of amnesia
 p - 2 scrolls of poison
 x - a scroll of teleportation
 F - 3 scrolls of magic mapping
 L - 3 scrolls of vulnerability
 R - 2 scrolls of immolation
 S - 2 scrolls of silence
 V - a scroll of butterflies
 W - a scroll of torment
 Z - a scroll of brand weapon {unknown}
Potions
 b - 4 potions of magic
 c - 5 potions of heal wounds
 e - 4 potions of flight {unknown}
 f - 5 potions of ambrosia
 g - 9 potions of curing
 h - 7 potions of brilliance
 m - 3 potions of invisibility {unknown}
 o - 7 potions of lignification
 s - 3 potions of attraction {unknown}
 I - 5 potions of haste {unknown}
 J - 3 potions of might {unknown}
 T - 3 potions of mutation {unknown}
Miscellaneous
 A - a tin of tremorstones (2/2)


   Skills:
 + Level 14.0 Fighting
 - Level 2.4 Dodging
 - Level 2.4 Stealth
 + Level 8.4 Shields
 + Level 21.7 Spellcasting
 - Level 1.1 Transmutations
 - Level 4.6 Ice Magic
 - Level 9.8 Earth Magic
 - Level 10.9 Invocations
 - Level 3.2 Evocations


You had 38 spell levels left.
You knew the following spells:

 Your Spells              Type           Power      Damage    Failure   Level
a - Sandblast             Erth           100%       2d20      0%          1
b - Stone Arrow           Conj/Erth      100%       3d13      1%          3
c - Petrify               Tmut/Erth      92%        N/A       1%          4
d - Leda's Liquefaction   Hex/Erth       45%        N/A       1%          4
e - Metabolic Englaciati  Hex/Ice        29%        N/A       9%          5
f - Sublimation of Blood  Necr           43%        N/A       1%          2

Your spell library contained the following spells:

 Spells                   Type           Power      Damage    Failure   Level
 Beastly Appendage        Tmut           100%       N/A       1%          1
 Kiss of Death            Conj/Necr      100%       2d13      1%          1
 Sting                    Tmut/Pois      100%       1d8       1%          1
 Passwall                 Tmut/Erth      76%        N/A       1%          2
 Poisonous Vapours        Pois/Air       86%        N/A       1%          2
 Wereblood                Tmut           51%        N/A       1%          2
 Spider Form              Tmut/Pois      47%        N/A       1%          3
 Call Canine Familiar     Summ           43%        N/A       2%          3
 Confusing Touch          Hex            43%        N/A       2%          3
 Portal Projectile        Hex/Tloc       86%        N/A       2%          3
 Tukima's Dance           Hex            43%        N/A       2%          3
 Dispel Undead            Necr           43%        3d17      9%          4
 Olgreb's Toxic Radiance  Pois           43%        N/A       9%          4
 Passage of Golubria      Tloc           43%        N/A       9%          4
 Summon Lightning Spire   Summ/Air       43%        N/A       9%          4
 Statue Form              Tmut/Erth      61%        N/A       13%         6
 Irradiate                Conj/Tmut      23%        3d19      19%         5
 Yara's Violent Unravell  Hex/Tmut       23%        3d10      19%         5
 Storm Form               Tmut/Air       23%        N/A       99%         7
 Maxwell's Capacitive Co  Air            21%        ∞         100%        8


Dungeon Overview and Level Annotations

Branches:
Dungeon (15/15)            Temple (1/1) D:6            Lair (5/5) D:11
 Shoals (0/4) Lair:2       Spider (0/4) Lair:3        Slime (0/5) Lair:4
    Orc (2/2) D:11            Elf (1/3) Orc:2        Vaults (0/5) D:14
 Depths (0/4) D:15

Altars:
Ashenzari
Cheibriados
Dithmenos
Elyvilon
Fedhas
Gozag
Hepliaklqana
Kikubaaqudgha
Makhleb
Nemelex Xobeh
Okawaru
Qazlal
Ru
Sif Muna
Trog
Uskayaw
Vehumet
Wu Jian
Xom
Yredelemnul
Zin
The Shining One
Jiyva
Lugonu

Shops:
D:3 =?=:   D:8 [[*:   Orc:2 =[[*

Portals:
Abyss: Orc:1 Lair:5
Trove: D:10 (give 4 potions of resistance)

Annotations:
D:8 3 runed translucent doors, flt's ghost, novice DgTm
D:15 2 transporters, Yxtef's ghost, journeyman DsFi
Lair:4 1 runed translucent door


Message History

Aim: a deep elf zephyrmancer, wielding a +0 short sword and wearing a +0 scale mail (heavily wounded, 72% to hit)
You feel a surge of power!
The stone arrow misses the deep elf zephyrmancer.
The deep elf zephyrmancer hits you but does no damage.
Casting: Stone Arrow (safe; 1% risk of failure)
Confirm with . or Enter, or press ? or * to list all spells.
Aiming: Stone Arrow (safe; 1% risk of failure)
Press: ? - help, Shift-Dir - straight line, f/p - deep elf zephyrmancer
Aim: a deep elf zephyrmancer, wielding a +0 short sword and wearing a +0 scale mail (heavily wounded, 72% to hit)
You feel a surge of power!
The stone arrow misses the deep elf zephyrmancer.
You block the deep elf zephyrmancer's attack.
Casting: Stone Arrow (safe; 1% risk of failure)
Confirm with . or Enter, or press ? or * to list all spells.
Aiming: Stone Arrow (safe; 1% risk of failure)
Press: ? - help, Shift-Dir - straight line, f/p - deep elf zephyrmancer
Aim: a deep elf zephyrmancer, wielding a +0 short sword and wearing a +0 scale mail (heavily wounded, 72% to hit)
You feel a surge of power!
The stone arrow hits the deep elf zephyrmancer!
The deep elf zephyrmancer is almost dead.
The deep elf zephyrmancer casts a spell.
The deep elf zephyrmancer blinks!
Casting: Stone Arrow (safe; 1% risk of failure)
Confirm with . or Enter, or press ? or * to list all spells.
Aiming: Stone Arrow (safe; 1% risk of failure)
Press: ? - help, Shift-Dir - straight line, f/p - deep elf zephyrmancer
Aim: a deep elf zephyrmancer, wielding a +0 short sword and wearing a +0 scale mail (almost dead, 72% to hit)
You feel a surge of power!
The stone arrow misses the deep elf zephyrmancer.
You block the deep elf zephyrmancer's attack.
Casting: Stone Arrow (safe; 1% risk of failure)
Confirm with . or Enter, or press ? or * to list all spells.
Aiming: Stone Arrow (safe; 1% risk of failure)
Press: ? - help, Shift-Dir - straight line, f/p - deep elf zephyrmancer
Aim: a deep elf zephyrmancer, wielding a +0 short sword and wearing a +0 scale mail (almost dead, 72% to hit)
You feel a surge of power!
The stone arrow misses the deep elf zephyrmancer.
The deep elf zephyrmancer points at you and mumbles some strange words.
The bolt of lightning hits you!!
You die...

### #.
##e#######..
###@#..E.$e...
##..#####?$....
#..#.## e.##.#
#..### #/.###.
###''#####....#eE
#...)........# .
#.............#
#..###.###.#.##.e
#..##.#.###.###..
###


You could see a deep elf zephyrmancer.

Vanquished Creatures
  Donald (Orc:2)
  Nessos (Orc:2)
  Azrael (D:13)
  Snorg (Lair:5)
  Josephine (Lair:3)
  2 fire dragons (D:15)
  An ice dragon (D:15)
  6 hydras
  8 vault guards
  11 centaur warriors
  An ogre mage (D:15)
  7 two-headed ogres
  A dancing weapon (Elf:1)
  A tengu warrior (D:14)
  6 death yaks (Lair:4)
  3 boulder beetles
  An orc high priest (Orc:2)
  3 thrashing horrors (Lair:5)
  Urug (D:12)
  3 deep elf knights
  10 deep elf pyromancers
  4 deep elf zephyrmancers (Elf:1)
  A deep elf archer (Elf:1)
  21 ugly things
  2 wolf spiders (Lair:3)
  4 manticores
  5 orc sorcerers
  2 cyclopes
  7 cane toads
  2 smoke demons (Lair:5)
  A merfolk siren (Lair:2)
  5 black mambas
  A gargoyle (D:10)
  4 elephants (Lair:5)
  Maggie (D:7)
  A freezing wraith (D:14)
  A komodo dragon (shapeshifter) (Elf:1)
  An unseen horror (D:12)
  A tengu conjurer (D:14)
  A rime drake (Lair:4)
  An ancient zyme (Lair:5)
  3 efreet
  10 komodo dragons
  6 trolls
  4 meliai
  A polar bear (Lair:5)
  36 blink frogs
  3 slime creatures (D:13)
  Prince Ribbit (D:7)
  A ynoxinul (Lair:5)
  7 wraiths
  3 shadows
  2 spriggans (Lair:5)
  2 air elementals (Elf:1)
  5 wyverns
  30 yaks
  A culicivora (Lair:3)
  5 fire elementals (D:13)
  3 chaos spawn (Lair:5)
  A golden eye (shapeshifter) (D:15)
  A steam dragon (D:8)
  12 vampire mosquitoes
  5 basilisks
  2 redbacks (Lair:3)
  3 wargs
  5 large abominations (Lair:5)
  An acid dragon (D:10)
  Edmund (D:4)
  9 water moccasins
  2 floating eyes
  Duvessa (D:7)
  A hell hound (D:13)
  4 sky beasts
  2 black bears
  22 orc warriors
  2 ice beasts
  3 boggarts (D:15)
  5 ogres
  20 wolves
  3 lemures (D:5)
  A phantom (D:5)
  13 centaurs
  9 small abominations (Lair:5)
  4 kobold brigands
  12 bullfrogs
  4 gnoll sergeants
  5 scorpions
  11 necrophages
  6 wights
  Dowan (D:7)
  8 killer bees (D:9)
  3 howler monkeys
  3 electric eels (D:10)
  8 hounds
  2 gnoll boudas
  22 orc priests
  3 jellies
  Natasha (twice) (D:4)
  9 hell rats
  6 iguanas
  39 orc wizards
  28 gnolls
  10 adders
  4 shadow imps
  9 white imps
  2 ufetubi
  3 worms
  3 dart slugs
  73 orcs
  14 ball pythons
  5 endoplasms
  A giant cockroach (D:1)
  6 goblins
  7 hobgoblins
  5 jackals
  14 kobolds
  4 quokkas
  10 bats
  9 frilled lizards
  5 rats
  2 lurking horrors (Orc:1)
749 creatures vanquished.

Vanquished Creatures (collateral kills)
  A centaur warrior (D:13)
  A death yak (Lair:4)
  An orc knight (Orc:2)
  A deep elf pyromancer (D:13)
  A kobold demonologist (D:13)
  An efreet (D:13)
  5 yaks (Lair:1)
  An orc warrior (Orc:2)
  A gnoll (D:4)
  An orc (Orc:2)
14 creatures vanquished.

Vanquished Creatures (others)
  A boulder beetle (D:13)
  A floating eye (D:13)
  2 orcs (D:7)
  A bush (Lair:5)
  5 demonic plants (D:5)
  37 fungi
  29 plants
76 creatures vanquished.

Grand Total: 839 creatures vanquished

Notes
Turn   | Place    | Note
-------+----------+-------------------------------------------
     0 | D:1      | Johnny the Deep Elf Earth Elementalist began the quest for
                  | the Orb.
     0 | D:1      | Reached XP level 1. HP: 10/10 MP: 6/6
    18 | D:1      | Upgraded the game from 0.29-a0-961-gfab03dca74 to
                  | 0.30-a0-178-g4db885d750
   108 | D:1      | Reached XP level 2. HP: 15/15 MP: 6/8
   279 | D:1      | Found a faded altar of an unknown god.
   285 | D:1      | Reached skill level 4 in Spellcasting
   403 | D:1      | Reached XP level 3. HP: 15/19 MP: 8/10
  1032 | D:2      | Reached XP level 4. HP: 24/24 MP: 9/12
  1105 | D:2      | Learned a level 3 spell: Stone Arrow
  1226 | D:2      | Reached skill level 5 in Spellcasting
  1592 | D:3      | Found Fuwk's Jewellery Shop.
  1649 | D:3      | Found Ili Wuepoy's Book Boutique.
  1675 | D:3      | Found Behewnin's Magic Scroll Shoppe.
  1684 | D:3      | Bought a scroll of identify for 26 gold pieces
  1684 | D:3      | Bought a scroll of identify for 26 gold pieces
  1806 | D:3      | Found Nemn's Jewellery Boutique.
  1862 | D:3      | Reached skill level 5 in Earth Magic
  1862 | D:3      | Reached XP level 5. HP: 28/28 MP: 12/14
  2398 | D:3      | Reached skill level 6 in Spellcasting
  2780 | D:4      | Reached XP level 6. HP: 22/32 MP: 3/17
  3303 | D:4      | Reached skill level 7 in Spellcasting
  3493 | D:4      | Reached XP level 7. HP: 35/36 MP: 16/19
  3841 | D:4      | Noticed Natasha
  3845 | D:4      | Killed Natasha
  3940 | D:4      | Noticed Edmund
  3946 | D:4      | Killed Edmund
  3947 | D:4      | Reached skill level 8 in Spellcasting
  4186 | D:5      | Entered Level 5 of the Dungeon
  4296 | D:5      | Noticed Pikel
  4495 | D:5      | Pikel changed into Pikel the meliai
  4495 | D:5      | Noticed Pikel
  4497 | D:5      | Killed Pikel the meliai
  4615 | D:5      | Reached skill level 9 in Spellcasting
  4717 | D:5      | Reached XP level 8. HP: 41/41 MP: 16/23
  4996 | D:5      | Reached skill level 1 in Fighting
  5406 | D:5      | Reached skill level 10 in Spellcasting
  5445 | D:5      | Found an opulent altar of Gozag.
  6336 | D:6      | Reached XP level 9. HP: 37/51 MP: 7/25
  6668 | D:6      | Found a staircase to the Ecumenical Temple.
  6920 | Temple   | Entered the Ecumenical Temple
  7018 | Temple   | Became a worshipper of Cheibriados the Contemplative
  7337 | D:7      | Found a shadowy altar of Dithmenos.
  7424 | D:7      | Reached skill level 11 in Spellcasting
  7537 | D:7      | Noticed Maggie
  7624 | D:7      | Killed Maggie
  7745 | D:7      | Learned a level 4 spell: Petrify
  7750 | D:7      | Learned a level 4 spell: Leda's Liquefaction
  7756 | D:7      | Learned a level 5 spell: Metabolic Englaciation
  7759 | D:7      | Learned a level 2 spell: Sublimation of Blood
  7835 | D:7      | Reached skill level 1 in Ice Magic
  7995 | D:7      | Noticed Duvessa
  7997 | D:7      | Killed Duvessa
  8001 | D:7      | Noticed Dowan
  8004 | D:7      | Killed Dowan
  8108 | D:7      | Reached skill level 12 in Spellcasting
  8114 | D:7      | Reached * piety under Cheibriados
  8271 | D:7      | Reached skill level 5 in Fighting
  8381 | D:7      | Reached XP level 10. HP: 36/59 MP: 10/28
  8563 | D:7      | Noticed Prince Ribbit
  8565 | D:7      | Killed Prince Ribbit
  9103 | D:8      | Reached ** piety under Cheibriados
  9201 | D:8      | Found a runed translucent gate.
  9201 | D:8      | Found a runed translucent gate.
  9201 | D:8      | Found a runed translucent gate.
  9207 | D:8      | Noticed an 11-headed hydra
  9207 | D:8      | Noticed flt's ghost (novice DgTm)
  9425 | D:8      | Reached skill level 1 in Evocations
  9496 | D:8      | Found a broken altar of Ashenzari.
  9533 | D:8      | Reached skill level 13 in Spellcasting
  9729 | D:8      | Found a hide-covered altar of Uskayaw.
  9739 | D:8      | Found Mopsequ's Assorted Antiques.
  9739 | D:8      | Found Zireeleu's Book Shoppe.
  9739 | D:8      | Found Gaumae's Armour Shoppe.
  9743 | D:8      | Found Foxem's Armour Shoppe.
 10410 | D:9      | Reached *** piety under Cheibriados
 10558 | D:9      | Found an ancient bone altar of Kikubaaqudgha.
 10645 | D:9      | Found a sparkling altar of Nemelex Xobeh.
 10803 | D:9      | Found a sacrificial altar of Ru.
 10877 | D:10     | Entered Level 10 of the Dungeon
 10892 | D:10     | Reached skill level 1 in Invocations
 11261 | D:10     | Reached XP level 11. HP: 54/67 MP: 12/30
 11364 | D:10     | Reached **** piety under Cheibriados
 11484 | D:10     | Found a portal to a secret trove of treasure.
 11874 | D:10     | Noticed a centaur warrior
 11884 | D:10     | Killed a centaur warrior
 12061 | D:10     | Reached skill level 14 in Spellcasting
 12192 | D:10     | Reached ***** piety under Cheibriados
 12892 | D:11     | Found a staircase to the Orcish Mines.
 13054 | D:11     | Found a staircase to the Lair.
 13679 | Lair:1   | Entered Level 1 of the Lair of Beasts
 13770 | Lair:1   | Reached skill level 5 in Invocations
 14151 | Lair:1   | Reached skill level 15 in Spellcasting
 15020 | Lair:2   | Reached XP level 12. HP: 76/76 MP: 29/33
 15132 | Lair:2   | Found a staircase to the Shoals.
 15486 | Lair:2   | Reached ****** piety under Cheibriados
 16108 | Lair:2   | Reached skill level 16 in Spellcasting
 16324 | Lair:3   | Noticed Josephine
 16475 | Lair:3   | Killed Josephine
 16755 | Lair:3   | Reached skill level 10 in Fighting
 17402 | Lair:3   | Noticed a seven-headed hydra
 17408 | Lair:3   | Killed a seven-headed hydra
 17494 | Lair:3   | Found a hole to the Spider Nest.
 17657 | Lair:4   | Identified the +9 rapier "Weezel" {spect, Fly rN+ Will-
                  | Str+7}
 17721 | Lair:4   | Found a runed translucent door.
 17825 | Lair:4   | Noticed a death yak
 17826 | Lair:4   | Noticed a death yak
 17826 | Lair:4   | Noticed a death yak
 17835 | Lair:4   | Killed a death yak
 17837 | Lair:4   | Noticed a death yak
 17848 | Lair:4   | Killed a death yak
 17849 | Lair:4   | Reached skill level 17 in Spellcasting
 17849 | Lair:4   | Reached XP level 13. HP: 22/83 MP: 3/36
 18509 | Lair:4   | Reached skill level 10 in Invocations
 19211 | Lair:4   | Found a viscous altar of Jiyva.
 19213 | Lair:4   | Found a staircase to the Slime Pits.
 19292 | Orc:1    | Entered Level 1 of the Orcish Mines
 19801 | Orc:1    | Found a one-way gate to the infinite horrors of the Abyss.
 19987 | Orc:1    | Found a corrupted altar of Lugonu.
 20074 | Orc:2    | Entered Level 2 of the Orcish Mines
 20249 | Orc:2    | Noticed Nessos
 20257 | Orc:2    | Killed Nessos
 20543 | Orc:2    | Reached skill level 18 in Spellcasting
 20674 | Orc:2    | Paralysed by an orc sorcerer for 3 turns
 21080 | Orc:2    | Found Ahoqo's Armour Shoppe.
 21080 | Orc:2    | Found Wecobim's Jewellery Shoppe.
 21080 | Orc:2    | Found Asakox's Antique Armour Emporium.
 21085 | Orc:2    | Found Qiydem's Assorted Antiques.
 21100 | Orc:2    | Bought a creamy pearl robe for 182 gold pieces
 21100 | Orc:2    | Identified the +2 robe of the Zebra {rF+ Dex+4} (You bought
                  | it in a shop on level 2 of the Orcish Mines)
 21101 | Orc:2    | Bought a scroll of identify for 78 gold pieces
 21101 | Orc:2    | Bought a potion of curing for 117 gold pieces
 21102 | Orc:2    | Bought a +0 buckler of protection for 207 gold pieces
 21102 | Orc:2    | Bought a +2 helmet of intelligence for 387 gold pieces
 21227 | Orc:2    | Noticed Donald
 21237 | Orc:2    | Killed Donald
 21238 | Orc:2    | Reached skill level 1 in Shields
 21552 | Orc:2    | Found a staircase to the Elven Halls.
 21828 | D:4      | Noticed Natasha
 21831 | D:4      | Killed Natasha
 21881 | D:3      | Bought the amulet "Fugoax" {Reflect Drain +Inv rPois MP+9
                  | SH+5} for 676 gold pieces
 22097 | Lair:5   | Entered Level 5 of the Lair of Beasts
 22510 | Lair:5   | Reached XP level 14. HP: 91/91 MP: 7/38
 23414 | Lair:5   | Noticed Snorg
 23424 | Lair:5   | Killed Snorg
 23426 | Lair:5   | Reached skill level 19 in Spellcasting
 24419 | Lair:5   | Found a corrupted altar of Lugonu.
 25264 | D:12     | You fall into a shaft and drop 3 floors!
 25264 | D:15     | Entered Level 15 of the Dungeon
 25448 | D:15     | Found a transporter.
 25568 | D:15     | Reached skill level 5 in Shields
 25674 | D:15     | Reached skill level 20 in Spellcasting
 25969 | D:15     | Found a transporter.
 25970 | D:15     | Noticed Yxtef's ghost (journeyman DsFi)
 26357 | D:14     | Reached XP level 15. HP: 61/97 MP: 27/41
 26758 | D:14     | Found a gate to the Vaults.
 27464 | D:14     | Upgraded the game from 0.30-a0-178-g4db885d750 to
                  | 0.30-a0-190-g22c9a3c0ff
 27578 | D:14     | Found a broken altar of Ashenzari.
 28277 | D:15     | Found a staircase to the Depths.
 28418 | D:13     | Noticed Azrael
 28426 | D:13     | Killed Azrael
 28635 | D:13     | Identified the +0 helmet of the Valley of Death {+Blink
                  | +Inv}
 28990 | D:13     | Reached skill level 21 in Spellcasting
 29692 | D:13     | Paralysed by a floating eye for 2 turns
 29699 | D:13     | Paralysed by a floating eye for 4 turns
 30262 | D:12     | Noticed Urug
 30266 | D:12     | Killed Urug
 30420 | Elf:1    | Entered Level 1 of the Elven Halls
 30786 | Elf:1    | Found a shimmering blue altar of Sif Muna.
 31530 | Elf:1    | Paralysed by an air elemental for 1 turns
 31542 | Elf:1    | Killed from afar by a deep elf zephyrmancer

Illustrated notes

Levels and vault maps discovered:
D:1:      wander_arrival_lonely_grave, layout_rooms,
          hellmonk_ecumenical_altar_dog_temple
D:2:      layout_rooms
D:3:      minmay_skewed_foursquare, layout_loops_ring, serial_shops, shop,
          shop_fountains, nicolae_shop_behind_doors, shop,
          hangedman_decor_clover_reticule, grunt_decor_resistance, st_stairs_1
D:4:      layout_basic, kennysheep_diamond, chequers_serial_rivers_small_b,
          st_stairs_8, uniq_edmund, uniq_natasha
D:5:      layout_basic, kennysheep_little_box, serial_demonic, serial_demonic_c,
          serial_demonic_c, serial_demonic_g, serial_demonic_a, uniq_pikel
D:6:      layout_loops_ring, minmay_temple_entry_drinking_statues
D:7:      wad_guarded_room, layout_loops_ring, mainiacjoe_overflow_tiny_flanked,
          minmay_circle_x, uniq_maggie, uniq_prince_ribbit1, uniq_duvessa
D:8:      layout_cave_pools, nicolae_uskayaw_dance_hall,
          mainiacjoe_overflow_24_doors, gammafunk_ghost_hydra_chop,
          minmay_misc_feat_doors, minmay_misc_feat_encased,
          minmay_shop_grid_forest
D:9:      layout_roguey, mainiacjoe_overflow_chevrons, nicolae_ru_path_of_blood,
          nicolae_kikubaaqudgha_miasma_corner, minmay_misc_feat_square
D:10:     layout_basic, enter_trove_6, hangedman_decor_lopped,
          minmay_strange_pillars, disabler_island
D:11:     layout_roguey, lair_entry_dummy, david_orc_3
D:12:     layout_roguey, uniq_urug
D:13:     layout_stronghold, onia_ninara_cookie, uniq_azrael
D:14:     layout_cave_pools, erik_vaults_2, roderic_nine_men_s_morris,
          ashenzari_conservatory_becter
D:15:     grunt_enter_depths_hoard, layout_rooms, nzn_ghost_randoct
Temple:   regret_index_temple_waves
Lair:1:   layout_gridlike
Lair:2:   layout_small_grid, minmay_shoals_entry_lonely_mermaid,
          beast_lair_carwin_9
Lair:3:   layout_misc_corridors, spider_nest_entry_funnel_web, st_stairs_7,
          grunt_megastairs_4, uniq_josephine
Lair:4:   layout_small_grid, slime_entry_2, roderic_carrion_pond,
          grunt_megastairs_1
Lair:5:   hellmonk_lair_end_abyssal_woods, layout_misc_corridors, uniq_snorg
Orc:1:    layout_caves, lemuel_statue_altar, amcnicky_altar_lugonu_corruption
Orc:2:    st_orc_mages, layout_caves, basic_altar, uniq_donald, uniq_nessos
Elf:1:    elf_arrival_002, layout_loops_corners, basic_altar,
          hangedman_corner_corridor, hex_tiny, serial_sigils_hangedman_scar

Skill      XL: |  1  2  3  4  5  6  7  8  9 10 11 12 13 14 15 |
---------------+----------------------------------------------+-----
Spellcasting   | 4 5 6 7 9 10 12 13 15 17 18 20 21 | 21.7
Earth Magic    | 4 5 6 7 9 |  9.8
Fighting       | 3 5 7 9 10 11 12 14 | 14.0
Ice Magic      | 3 4 |  4.6
Evocations     | 3 |  3.2
Invocations    | 1 6 9 10 | 10.9
Shields        | 2 6 8 |  8.4
Dodging        | |  2.4
Stealth        | |  2.4
Transmutations | |  1.1

Action                   |  1- 3 |  4- 6 |  7- 9 | 10-12 | 13-15 || total
-------------------------+-------+-------+-------+-------+-------++-------
Melee: Unarmed           |     4 |     1 |       |       |       ||     5
       Dagger            |       |    27 |     8 |       |       ||    35
       Staff             |       |       |     3 |    25 |     9 ||    37
 Cast: Sandblast         |    58 |    71 |    62 |   147 |   209 ||   547
       Stone Arrow       |       |    15 |   117 |   265 |   681 ||  1078
Invok: Slouch            |       |       |       |     7 |    24 ||    31
Evoke: Wand              |       |       |     4 |    22 |    24 ||    50
       Tin of tremorston |       |       |       |       |     2 ||     2
  Use: Scroll            |       |     9 |     1 |    13 |    21 ||    44
       Potion            |       |     1 |       |     1 |       ||     2
 Stab: Sleeping          |       |     5 |     1 |       |       ||     6
       Distracted        |       |       |       |       |     1 ||     1
Armor: Robe              |     6 |     8 |    17 |       |       ||    31
       Swamp dragon scal |       |       |    19 |   125 |    65 ||   209
       Troll leather arm |       |       |       |       |   191 ||   191
Dodge: Dodged            |    26 |    53 |    46 |   222 |   417 ||   764
Block: Buckler           |       |       |       |       |   326 ||   326
       Reflection        |       |       |       |       |    28 ||    28

Table legend: (Time is in decaauts)
 A = Elapsed time spent in this place.
 B = Non-inter-level travel time spent in this place.
 C = Inter-level travel time spent in this place.
 D = Time resting spent in this place.
 E = Time spent auto-exploring this place.
 F = Levels seen in this place.
 G = Mean time per level.
                   A        B        C        D        E       F      G
               +--------+--------+--------+--------+--------+-----+--------+
         Total |  39771 |  37641 |   2130 |   9364 |  22486 |  24 | 1657.1 |
       Dungeon |  23698 |  22225 |   1473 |   5054 |  13754 |  15 | 1579.9 |
        Temple |    157 |     75 |     82 |      0 |     58 |   1 |  157.0 |
          Lair |  11336 |  10885 |    451 |   2768 |   6612 |   5 | 2267.2 |
  Orcish Mines |   3464 |   3343 |    121 |   1267 |   1392 |   2 | 1732.0 |
   Elven Halls |   1115 |   1115 |      0 |    273 |    667 |   1 | 1115.0 |
               +--------+--------+--------+--------+--------+-----+--------+

Top non-repeatable levels by time:
  Lair:5: 3038 daAuts
  Lair:4: 2509 daAuts
    D:13: 2365 daAuts
    D:10: 2175 daAuts
   Orc:2: 2103 daAuts
     D:7: 2081 daAuts
    D:15: 2059 daAuts
    D:11: 2017 daAuts
  Lair:2: 2005 daAuts
    D:14: 1992 daAuts
  Lair:1: 1981 daAuts
     D:5: 1809 daAuts
  Lair:3: 1801 daAuts
     D:4: 1612 daAuts
   Orc:1: 1360 daAuts
